 Dungeon Crawl Stone Soup version 0.26.0-10-g1f06aea511 (webtiles) character file.

Game seed: 9755351223988381375

3731 trckry the Martial Artist (level 9, -2/67 HPs)
             Began as a Pale Draconian Transmuter on Jan 13, 2021.
             Was a Follower of Wu Jian.
             Slain by Erolcha
             ... wielding a +0 giant spiked club
              (24 damage)
             ... on level 9 of the Dungeon.
             The game lasted 00:24:58 (10842 turns).

trckry the Martial Artist (DrTm)                   Turns: 10842, Time: 00:24:58

Health: -2/67      AC:  8    Str: 12    XL:     9   Next: 92%
Magic:  12/12      EV: 12    Int: 17    God:    Wu Jian [*.....]
Gold:   571        SH:  5    Dex: 12    Spells: 3/13 levels left

rFire    . . .     SeeInvis .     - Unarmed
rCold    . . .     Faith    .   d - +0 buckler
rNeg     . . .     Spirit   .   (armour unavailable)
rPois    .         Reflect  .   (helmet currently unavailable)
rElec    .         Harm     .   (no cloak)
rCorr    .         Rampage  .   y - +0 pair of gloves
Will     .....                  (boots currently unavailable)
Stlth    +.........             (no amulet)
HPRegen  0.21/turn              (no ring)
MPRegen  0.13/turn              (no ring)

@: appendages
A: breathe steam, unfitting armour, horns 2, talons 2, cold-blooded, AC +7
a: Breathe Steam, End Transformation, Renounce Religion


You were on level 9 of the Dungeon.
You worshipped Wu Jian.
Wu Jian was aware of your devotion.
You had grown temporary horns.
You had grown temporary talons.
You visited 2 branches of the dungeon, and saw 10 of its levels.

You collected 571 gold pieces.

Inventory:

Missiles
 j - 54 poisoned darts (quivered)
 w - 7 atropa-tipped darts
Armour
 d - a +0 buckler (worn)
 y - a +0 pair of gloves (worn)
 I - the +2 hat of the Hunter {+Blink rC+ Will+, unknown}
   (You found it on level 8 of the Dungeon)

   It protects you from cold.
   It affects your willpower, your defense against some magical effects.
   It lets you blink.
 J - a +0 pair of boots
Magical Staves
 x - an uncursed staff of earth {unknown}
Jewellery
 i - an uncursed ring of resist corrosion {unknown}
 s - an uncursed ring of poison resistance {unknown}
 t - an uncursed ring of wizardry {unknown}
 A - an uncursed ring of flight {unknown}
 G - an uncursed ring of ice {unknown}
Wands
 B - a wand of acid (8)
 H - a wand of flame (21)
Scrolls
 c - 12 scrolls of identify {unknown}
 e - 3 scrolls of enchant weapon {unknown}
 f - a scroll of magic mapping {unknown}
 g - 3 scrolls of enchant armour {unknown}
 h - 2 scrolls of remove curse {unknown}
 k - 2 scrolls of immolation {unknown}
 l - 2 scrolls of blinking {unknown}
 m - a scroll of noise {unknown}
 r - a scroll of amnesia {unknown}
 u - 4 scrolls of teleportation {unknown}
 E - 2 scrolls of fog {unknown}
 F - a scroll of summoning {unknown}
Potions
 a - 2 potions of resistance
 b - 4 potions of cancellation {unknown}
 n - a potion of attraction {unknown}
 o - a potion of lignification
 p - a potion of curing
 q - 2 potions of heal wounds {unknown}
 v - a potion of berserk rage {unknown}
 z - 2 potions of magic {unknown}
 C - a potion of haste {unknown}
 D - a potion of flight {unknown}
 K - a potion of brilliance {unknown}


   Skills:
 + Level 2.0 Fighting
 + Level 2.3 Dodging
 - Level 4.0 Shields
 * Level 9.6 Unarmed Combat
 + Level 2.5 Spellcasting
 * Level 9.4 Transmutations
 + Level 0.1 Ice Magic
 + Level 3.2 Evocations


You had 3 spell levels left.
You knew the following spells:

 Your Spells              Type           Power        Failure   Level
a - Beastly Appendage     Tmut           68%          1%          1
b - Blade Hands           Tmut           17%          11%         5
c - Ice Form              Ice/Tmut       18%          26%         4

Your spell library contained the following spells:

 Spells                   Type           Power        Failure   Level
 Wereblood                Tmut           34%          1%          2
 Spider Form              Tmut/Pois      9%           8%          3


Dungeon Overview and Level Annotations

Branches:
Dungeon (9/15)             Temple (1/1) D:7            Lair (0/6) D:8
    Orc: D:9-12

Altars:
Ashenzari
Cheibriados
Dithmenos
Elyvilon
Fedhas
Gozag
Hepliaklqana
Kikubaaqudgha
Makhleb
Nemelex Xobeh
Okawaru
Qazlal
Ru
Sif Muna
Trog
Uskayaw
Vehumet
Wu Jian
Xom
Yredelemnul
Zin
The Shining One

Annotations:
D:3 2 transporters, exclusion: oklob plant
D:7 3 runed translucent doors, Warped's ghost, novice TrWn
D:9 Erolcha


Innate Abilities, Weirdness & Mutations

You can breathe blasts of scalding, opaque steam.
Your pale cyan-grey scales are hard. (AC +7)
You cannot fit into any form of body armour.
You are cold-blooded and may be slowed by cold attacks.
You have a pair of horns on your head.
You have razor-sharp toenails.


Message History

You see here a scythe.
Something hits you!
There is an open door, spattered with blood here.
You miss something. You headbutt something.
You have got your breath back.
You barely miss something. You claw something. You headbutt something!
You closely miss something.
Your tail-slap misses something.
You block something's attack.
You hit something but do no damage. You headbutt something.
You punch something! Something hits you.
You hit something but do no damage. You claw something. You punch something!
Something hits you!
You hit something but do no damage. You claw something. Something hits you!!
You hit something. You tail-slap something. You closely miss something.
Your kick misses something. You headbutt something.
You hear some strange, mumbled words.
A stone arrow appears from out of thin air!
The stone arrow misses you.
You barely miss something. Your headbutt misses something. Something hits you!!
You die...

#####+#####
#.........#
#.........#
+.........#
#......{..# ##@#
###).# # #...##
# ######'### #
#.......# #
#.......#
########.......#
...##..'.......#
...#..##.......#


There were no monsters in sight!

Vanquished Creatures
  A two-headed ogre (D:8)
  An ice beast (D:8)
  An orc warrior (D:6)
  A sky beast (D:7)
  A necrophage (D:5)
  5 ogres
  3 centaurs
  A big kobold (D:8)
  3 bullfrogs
  7 scorpions
  A wyvern skeleton (D:8)
  3 jellies
  A quasit (D:7)
  A centaur zombie (D:8)
  4 hounds
  A centaur skeleton (D:8)
  3 orc priests
  5 orc wizards
  4 iguanas
  11 worker ants
  A hound zombie (D:8)
  2 hound skeletons
  2 worker ant zombies
  21 adders
  3 gnolls (D:5)
  3 shadow imps (D:6)
  3 white imps
  3 ufetubi
  3 adder skeletons
  2 adder zombies
  4 worms
  A dart slug (D:4)
  3 leopard geckos (D:6)
  24 orcs
  2 ball pythons (D:3)
  5 giant cockroaches
  5 goblins
  4 hobgoblins
  22 jackals
  4 kobolds
  4 quokkas
  14 bats
  11 frilled lizards
  A jackal zombie (D:5)
  2 leopard gecko skeletons
  11 rats
218 creatures vanquished.

Vanquished Creatures (others)
  14 fungi
  2 plants (D:7)
16 creatures vanquished.

Grand Total: 234 creatures vanquished

Notes
Turn   | Place    | Note
-------+----------+-------------------------------------------
     0 | D:1      | trckry the Draconian Transmuter began the quest for the
                  | Orb.
     0 | D:1      | Reached XP level 1. HP: 16/16 MP: 3/3
   265 | D:1      | Reached XP level 2. HP: 17/23 MP: 5/5
   772 | D:1      | Found a shimmering altar of Xom.
   775 | D:1      | Found a shimmering blue altar of Sif Muna.
   775 | D:1      | Found a shimmering blue altar of Sif Muna.
   817 | D:1      | Found a shimmering altar of Xom.
   817 | D:1      | Found a shimmering blue altar of Sif Muna.
   817 | D:1      | Found an ancient bone altar of Kikubaaqudgha.
  1147 | D:2      | Reached XP level 3. HP: 14/28 MP: 4/6
  1411 | D:2      | HP: 3/42 [poisoned by an adder]
  1417 | D:2      | HP: 2/42 [poisoned by an adder]
  1425 | D:2      | HP: 1/42 [poisoned by an adder]
  2089 | D:2      | Reached XP level 4. HP: 26/35 MP: 5/7
  2746 | D:3      | Found a transporter.
  2875 | D:3      | Found a transporter.
  3449 | D:3      | Reached XP level 5. HP: 32/40 MP: 6/8
  3722 | D:3      | Found a blossoming altar of Fedhas.
  3735 | D:3      | Noticed an oklob plant
  4104 | D:4      | Reached skill level 1 in Shields
  4208 | D:4      | Reached skill level 5 in Unarmed Combat
  4208 | D:4      | Reached XP level 6. HP: 47/47 MP: 9/9
  4255 | D:4      | HP: 4/47 [poisoned by a scorpion]
  4266 | D:4      | HP: 3/47 [scorpion (3)]
  4672 | D:4      | Identified the +1 short sword "Qeolab" {drain, rElec Str+3
                  | Dex+5}
  4992 | D:4      | Reached skill level 5 in Transmutations
  5005 | D:4      | Your scales start taking on a pale cyan-grey colour.
  5005 | D:4      | Reached XP level 7. HP: 48/52 MP: 10/10
  5787 | D:5      | Entered Level 5 of the Dungeon
  5945 | D:5      | Found a basalt altar of Yredelemnul.
  6530 | D:5      | Reached XP level 8. HP: 59/59 MP: 9/11
  8548 | D:6      | Learned a level 5 spell: Blade Hands
  8611 | D:7      | Reached XP level 9. HP: 64/64 MP: 10/12
  9025 | D:7      | Found a staircase to the Ecumenical Temple.
  9039 | Temple   | Entered the Ecumenical Temple
  9229 | Temple   | Became a worshipper of the Wu Jian Council
  9334 | D:7      | Found a runed translucent gate.
  9334 | D:7      | Found a runed translucent gate.
  9334 | D:7      | Found a runed translucent gate.
  9335 | D:7      | Noticed Warped's ghost (novice TrWn)
  9750 | D:8      | Reached skill level 1 in Evocations
  9916 | D:8      | Noticed a two-headed ogre
  9930 | D:8      | Killed a two-headed ogre
 10348 | D:8      | Found a staircase to the Lair.
 10535 | D:8      | Reached * piety under Wu Jian
 10555 | D:8      | Got a bloodstained hat
 10675 | D:8      | Learned a level 4 spell: Ice Form
 10826 | D:9      | Noticed Erolcha
 10842 | D:9      | Slain by Erolcha

Illustrated notes

Levels and vault maps discovered:
D:1:      dpeg_arrival_erosion, layout_loops_ring, doesnt_xom_only_xom
D:2:      layout_basic
D:3:      gammafunk_steamed_eel, layout_loops_corners, minmay_misc_feat_pillars,
          tgw_fedhas
D:4:      old_forge, layout_rooms, minmay_box_of_dots
D:5:      minmay_octagon_keep, layout_loops_cross, general_overflow_altar,
          skrybe_limestone_x
D:6:      layout_gridville, grunt_tough_drop
D:7:      layout_loops_corners, minmay_temple_entry_junction,
          gammafunk_ghost_nasty_kobolds, minmay_splitting_lines
D:8:      layout_cave_pools, lair_entry_dummy, blue_anna_alchemist
          [blue_anna_fruit_fields, blue_anna_fruit_fields]
D:9:      layout_roguey, uniq_erolcha
Temple:   minmay_crystal_snake_temple

Skill      XL: |  1  2  3  4  5  6  7  8  9 |
---------------+----------------------------+-----
Transmutations | 3 4 5 6 8 9 |  9.4
Unarmed Combat | 4 5 6 8 9 |  9.6
Shields        | 1 2 3 4 |  4.0
Evocations     | 3 |  3.2
Dodging        | 2 |  2.3
Fighting       | 2 |  2.0
Spellcasting   | |  2.5
Ice Magic      | |  0.1

Action                   |  1- 3 |  4- 6 |  7- 9 || total
-------------------------+-------+-------+-------++-------
Melee: Unarmed           |   134 |   189 |   309 ||   632
       Kick              |    13 |    28 |    44 ||    85
       Tailslap          |     9 |    12 |    26 ||    47
       Headbutt          |    10 |    16 |    27 ||    53
Throw: Dart              |       |     7 |     1 ||     8
 Cast: Beastly Appendage |    23 |    26 |    51 ||   100
Invok: Lunge             |       |       |    10 ||    10
 Abil: Breathe Steam     |       |       |    44 ||    44
  Use: Potion            |     2 |     3 |       ||     5
 Stab: Held in net/web   |       |     2 |       ||     2
Armor: Skin              |    35 |    43 |    84 ||   162
Dodge: Dodged            |    70 |    93 |   161 ||   324
Block: Buckler           |       |    25 |    58 ||    83
